 Dungeon Crawl Stone Soup version 0.29.1-13-g9f3cf754e1 (webtiles) character file.

Game seed: 10661462667000250526

9213 Peloso the Protected (level 11, -12/108 HPs)
             Began as a Minotaur Fighter on Jan 21, 2023.
             Was an Elder of Okawaru.
             Mangled by a reaper
             ... wielding a +2 vampiric scythe
              (16 damage)
             ... on level 2 of the Abyss.
             The game lasted 00:20:29 (7634 turns).

Peloso the Protected (Minotaur Fighter)             Turns: 7634, Time: 00:20:30

Health: -12/108    AC: 18    Str: 24    XL:     11   Next: 20%
Magic:  10/10      EV:  8    Int:  5    God:    Okawaru [****..]
Gold:   558        SH:  6    Dex: 11    Spells: 10/10 levels left

rFire   . . .      SeeInvis .   a - +4 falchion (freeze)
rCold   + . .      Faith    .   d - +0 buckler
rNeg    . . .      Spirit   .   D - +0 plate armour
rPois   +          Reflect  .   (helmet restricted)
rElec   .          Harm     .   (no cloak)
rCorr   .          Rampage  .   u - +0 pair of gloves
Will    .....                   v - +0 pair of boots
Stlth   ..........              h - amulet of regeneration
HPRegen 1.08/turn               l - ring of poison resistance
MPRegen 0.12/turn               t - ring of protection from cold

@: mighty
A: horns 2, retaliatory headbutt, sense surroundings 1, robust 1
a: Renounce Religion, Heroism, Finesse


You were on level 2 of the Abyss.
You worshipped Okawaru.
Okawaru was greatly pleased with you.
You visited 2 branches of the dungeon, and saw 10 of its levels.
You visited the Abyss 1 time.

You collected 558 gold pieces.

Inventory:

Hand Weapons
 a - a +4 falchion of freezing (weapon)
 b - a +1 short sword of flaming
 c - a +3 falchion of freezing
Missiles
 I - 2 throwing nets (quivered)
Armour
 d - a +0 buckler (worn)
 u - a +0 pair of gloves (worn)
 v - a +0 pair of boots (worn)
 D - a +0 plate armour (worn)
 G - +0 swamp dragon scales
Jewellery
 h - an amulet of regeneration (around neck)
 l - a ring of poison resistance (left hand)
 t - a ring of protection from cold (right hand)
 x - an amulet of magic regeneration
Wands
 q - a wand of flame (40)
 y - a wand of charming (11)
 B - a wand of digging (10)
 F - a wand of mindburst (15)
Scrolls
 i - 2 scrolls of enchant weapon
 j - a scroll of poison
 k - a scroll of fear
 o - a scroll of enchant armour
 s - 5 scrolls of teleportation
 w - 2 scrolls of immolation
 z - 4 scrolls of magic mapping {unknown}
 C - 2 scrolls of torment {unknown}
 H - a scroll of blinking {unknown}
Potions
 e - 2 potions of invisibility
 f - 7 potions of curing
 g - a potion of mutation
 m - 3 potions of might
 n - a potion of magic
 p - 2 potions of resistance {unknown}
 r - a potion of brilliance
 A - a potion of attraction {unknown}
 E - a potion of heal wounds
 J - a potion of berserk rage {unknown}


   Skills:
 + Level 9.8 Fighting
 + Level 11.8 Long Blades
 + Level 12.8 Armour
 + Level 2.1 Dodging
 + Level 0.2 Stealth
 + Level 8.8 Shields
 + Level 0.1 Invocations


You had 10 spell levels left.
You didn't know any spells.
Your spell library contained the following spells:

 Spells                   Type           Power      Damage    Failure   Level
 Magic Dart               Conj           0%         1d3       99%         1
 Searing Ray              Conj           0%         2d4       100%        2
 Static Discharge         Conj/Air       0%         3-3/arc   100%        2
 Frozen Ramparts          Ice            0%         1d1       100%        3
 Ignite Poison            Fire/Tmut/Pois 0%         N/A       100%        3
 Mephitic Cloud           Conj/Pois/Air  0%         N/A       100%        3
 Fulminant Prism          Conj/Hex       0%         3d6       100%        4
 Ice Form                 Ice/Tmut       0%         N/A       100%        4
 Freezing Cloud           Conj/Ice/Air   0%         6-21      100%        5
 Lightning Bolt           Conj/Air       0%         1d11      100%        5
 Maxwell's Capacitive Co  Air            0%         ∞         100%        8
 Call Imp                 Summ           Unusable   N/A       N/A         2
 Summon Ice Beast         Ice/Summ       Unusable   N/A       N/A         4

Dungeon Overview and Level Annotations

Branches:
Dungeon (9/15)             Temple (1/1) D:6            Lair (0/5) D:9
    Orc: D:9-12

Altars:
Ashenzari
Cheibriados
Dithmenos
Elyvilon
Fedhas
Okawaru
Qazlal
Ru
Sif Muna
Vehumet
Xom
Yredelemnul
Zin

Shops:
D:8 :

Annotations:
D:9 Erolcha


Innate Abilities, Weirdness & Mutations

You have a pair of horns on your head.
You reflexively headbutt those who attack you in melee.
You passively map a small area around you.
You are robust. (+10% HP)


Message History

You slash the reaper! You freeze the reaper. Your headbutt misses the reaper.
The reaper is moderately wounded.
You barely miss the reaper. You headbutt the reaper!
The reaper is heavily wounded.
The reaper hits you with a +2 vampiric scythe!
* * * LOW HITPOINT WARNING * * *
You hit the reaper but do no damage. You headbutt the reaper.
The reaper is heavily wounded.
The hellwing swoops through the air toward you!
The hellwing closely misses you. You furiously retaliate!
You headbutt the hellwing. The hellwing barely misses you.
The reaper hits you with a +2 vampiric scythe!
* * * LOW HITPOINT WARNING * * *
You barely miss the reaper. Your headbutt misses the reaper.
The reaper is heavily wounded.
The hellwing hits you but does no damage.
The hellwing hits you.
* * * LOW HITPOINT WARNING * * *
You block the reaper's attack.
You hit the reaper but do no damage.
The reaper is heavily wounded.
You slash the reaper! You freeze the reaper.
The reaper is heavily wounded.
The reaper closely misses you.
The hellwing hits you but does no damage.
You block the hellwing's attack.
You barely miss the reaper.
The reaper is heavily wounded.
You block the reaper's attack. The hellwing hits you.
* * * LOW HITPOINT WARNING * * *
The hellwing hits you but does no damage.
You closely miss the reaper.
The reaper is heavily wounded.
You block the hellwing's attack. x2; The reaper closely misses you.
You closely miss the reaper.
The reaper is heavily wounded.
You hit the reaper. You headbutt the reaper!
The reaper is severely wounded.
The reaper hits you with a +2 vampiric scythe!
You die...

#.#..... #.
.........## .#
###.......###.#
#........#..#
###......#.#
#........#
#.......#
#..#...4#
##....@##
#....2# #...#..
...#####.. .#.
#.# # .. ...
.#.


You could see a reaper and a hellwing.

Vanquished Creatures
  Harold (D:9)
  Joseph (D:8)
  Maggie (D:8)
  Grinder (D:4)
  2 shadows (D:9)
  Eustachio (D:4)
  A wyvern (D:4)
  16 yaks
  Grum (D:8)
  Menkaure (D:6)
  Edmund (D:4)
  A water moccasin (D:9)
  4 orc warriors
  A sky beast (D:8)
  2 ice beasts (D:6)
  2 black bears (D:9)
  2 ogres (D:5)
  3 centaurs
  3 wolves (D:8)
  2 phantoms (D:6)
  2 kobold brigands
  Blork the orc (D:5)
  6 bullfrogs
  A gnoll sergeant (D:5)
  4 scorpions
  8 wights
  14 killer bees
  A howler monkey (D:8)
  4 jellies
  4 hounds
  4 orc priests
  2 iguanas (D:7)
  9 orc wizards
  8 gnolls
  9 adders
  3 white imps
  3 ufetubi
  6 worms
  2 dart slugs
  38 orcs
  5 endoplasms
  5 giant cockroaches
  9 goblins
  5 hobgoblins
  3 jackals (D:1)
  19 kobolds
  8 quokkas
  5 ball pythons
  7 bats
  4 frilled lizards
  3 rats
249 creatures vanquished.

Vanquished Creatures (others)
  37 fungi (D:9)
  37 plants (D:9)
74 creatures vanquished.

Grand Total: 323 creatures vanquished

Notes
Turn   | Place    | Note
-------+----------+-------------------------------------------
     0 | D:1      | Peloso the Minotaur Fighter began the quest for the Orb.
     0 | D:1      | Reached XP level 1. HP: 19/19 MP: 0/0
    76 | D:1      | Reached XP level 2. HP: 22/27 MP: 1/1
   207 | D:1      | Reached skill level 4 in Armour
   558 | D:1      | Gained mutation: You are robust. (+10% HP) [potion of
                  | mutation]
   558 | D:1      | Gained mutation: You passively map a small area around you.
                  | [potion of mutation]
   774 | D:1      | Reached XP level 3. HP: 36/36 MP: 2/2
   893 | D:2      | Found a faded altar of an unknown god.
  1729 | D:3      | Reached XP level 4. HP: 40/44 MP: 3/3
  2213 | D:3      | Found a radiant altar of Vehumet.
  2433 | D:4      | Noticed Eustachio
  2433 | D:4      | Noticed Grinder
  2476 | D:4      | Noticed a scorpion
  2514 | D:2      | Killed a scorpion
  2515 | D:2      | Reached XP level 5. HP: 32/51 MP: 4/4
  2562 | D:4      | Reached skill level 5 in Shields
  2566 | D:4      | Paralysed by Grinder for 5 turns
  2676 | D:4      | Paralysed by Grinder for 2 turns
  2732 | D:4      | Paralysed by Grinder for 3 turns
  2738 | D:4      | Paralysed by Grinder for 2 turns
  2743 | D:4      | Paralysed by Grinder for 2 turns
  2745 | D:4      | Killed Grinder
  2746 | D:4      | Reached skill level 5 in Long Blades
  2746 | D:4      | Reached skill level 5 in Armour
  2746 | D:4      | Reached XP level 6. HP: 45/60 MP: 5/5
  2830 | D:4      | You fall into a shaft and drop 1 floor!
  2830 | D:5      | Entered Level 5 of the Dungeon
  2902 | D:5      | Reached skill level 6 in Armour
  2902 | D:5      | Reached XP level 7. HP: 66/66 MP: 6/6
  2957 | D:4      | Noticed Edmund
  2988 | D:4      | Killed Edmund
  2989 | D:4      | Reached skill level 5 in Fighting
  3123 | D:4      | Noticed a wyvern
  3135 | D:4      | Killed a wyvern
  3177 | D:4      | Found a white marble altar of Elyvilon.
  3212 | D:4      | Found a basalt altar of Yredelemnul.
  3335 | D:4      | Killed Eustachio
  3336 | D:4      | Reached skill level 7 in Armour
  3508 | D:5      | Reached XP level 8. HP: 74/75 MP: 7/7
  4101 | D:5      | Noticed Blork the orc
  4113 | D:5      | Killed Blork the orc
  4270 | D:5      | Reached skill level 8 in Armour
  4438 | D:5      | Reached skill level 1 in Dodging
  4589 | D:6      | Reached XP level 9. HP: 85/85 MP: 8/8
  4649 | D:6      | Found a staircase to the Ecumenical Temple.
  4706 | D:6      | Reached skill level 9 in Armour
  5066 | D:6      | Noticed Menkaure
  5071 | D:6      | Killed Menkaure
  5474 | D:7      | Reached skill level 10 in Armour
  5531 | Temple   | Entered the Ecumenical Temple
  5544 | Temple   | Became a worshipper of Warmaster Okawaru
  5607 | D:7      | Found a stormy altar of Qazlal.
  5842 | D:7      | Found a snail-covered altar of Cheibriados.
  5844 | D:7      | Found a sacrificial altar of Ru.
  5846 | D:7      | Found a blossoming altar of Fedhas.
  5877 | D:7      | Noticed a deep troll
  5878 | D:7      | Noticed a deep troll
  5990 | D:8      | Reached * piety under Okawaru
  5991 | D:8      | Reached XP level 10. HP: 89/96 MP: 9/9
  5995 | D:8      | Reached skill level 10 in Long Blades
  6022 | D:8      | Reached skill level 11 in Armour
  6235 | D:8      | Found a shadowy altar of Dithmenos.
  6288 | D:8      | Reached ** piety under Okawaru
  6411 | D:8      | Noticed Joseph
  6465 | D:8      | Killed Joseph
  6621 | D:8      | Noticed Grum
  6653 | D:8      | Killed Grum
  6739 | D:8      | Found a glowing golden altar of the Shining One.
  6756 | D:8      | Found a shimmering altar of Xom.
  6756 | D:8      | Found a snail-covered altar of Cheibriados.
  6761 | D:8      | Found an iron altar of Okawaru.
  6761 | D:8      | Found a glowing silver altar of Zin.
  6761 | D:8      | Found a shimmering blue altar of Sif Muna.
  6846 | D:8      | Found Ofruuc's Book Shoppe.
  6929 | D:8      | Noticed Maggie
  6939 | D:8      | Killed Maggie
  6939 | D:8      | Reached *** piety under Okawaru
  7025 | D:8      | Reached skill level 12 in Armour
  7303 | D:9      | Noticed Harold
  7325 | D:9      | Killed Harold
  7325 | D:9      | Reached **** piety under Okawaru
  7356 | D:9      | Reached XP level 11. HP: 94/106 MP: 10/10
  7359 | D:9      | Received a gift from Okawaru
  7551 | D:9      | Found a staircase to the Lair.
  7583 | D:9      | Noticed Erolcha
  7590 | Abyss:2  | Cast into level 2 of the Abyss (Erolcha)
  7593 | Abyss:2  | Found a shimmering blue altar of Sif Muna.
  7617 | Abyss:2  | Noticed a reaper
  7628 | Abyss:2  | HP: 2/108 [hellwing (6)]
  7634 | Abyss:2  | Mangled by a reaper

Illustrated notes

Levels and vault maps discovered:
D:1:      lightli_arrival_chessboard, layout_rooms
D:2:      layout_loops_ring, basic_ecumenical_altar
D:3:      layout_basic, mainiacjoe_overflow_six_doors_small
D:4:      layout_gridville, overflow_temple_1_default, elyvilon_altar_3,
          uniq_eustachio, uniq_edmund, uniq_grinder
D:5:      layout_gridville, uniq_blork_the_orc
D:6:      layout_cave_pools, temple_statues, uniq_menkaure
D:7:      layout_cave_pools, grunt_temple_overflow_open, lemuel_doored_altar,
          hex_large, hellmonk_guarded_unrand_vitality_bloodlust
D:8:      layout_cave_pods, nicolae_overflow_crystal_walls, doesnt_xom_only_xom,
          serial_shops, nicolae_shop_trees, uniq_grum, uniq_joseph, uniq_maggie
D:9:      layout_roguey, due_lair_maze_entry_diamond, minmay_checkerbox,
          uniq_amaemon, uniq_harold, uniq_erolcha
Temple:   hellmonk_temple_forest_ring
Abyss:2:  base:
D:8

Skill      XL: |  1  2  3  4  5  6  7  8  9 10 |
---------------+-------------------------------+-----
Armour         | 4 5 6 7 8 10 12 | 12.8
Shields        | 4 5 6 7 8 |  8.8
Fighting       | 4 5 6 7 9 |  9.8
Long Blades    | 3 4 5 6 8 9 11 | 11.8
Dodging        | 1 2 |  2.1
Stealth        | |  0.2
Invocations    | |  0.1

Action                   |  1- 3 |  4- 6 |  7- 9 | 10-12 || total
-------------------------+-------+-------+-------+-------++-------
Melee: Long sword        |   100 |   126 |   331 |       ||   557
       Headbutt          |    11 |    19 |    91 |    62 ||   183
       Falchion          |       |       |   163 |   314 ||   477
Invok: Heroism           |       |       |       |     2 ||     2
Evoke: Wand              |       |       |       |     1 ||     1
  Use: Scroll            |     2 |       |     9 |       ||    11
       Potion            |     1 |       |       |     1 ||     2
Armor: Scale mail        |    47 |       |       |       ||    47
       Plate armour      |       |    94 |   485 |   167 ||   746
Dodge: Dodged            |    54 |    53 |   206 |    97 ||   410
Block: Buckler           |    20 |    32 |   191 |    76 ||   319
